 Dungeon Crawl Stone Soup version 0.25-a0-285-gcba6f664f8 (webtiles) character file.

Game seed: 9767155870249931824, levelgen mode: deterministic

9 FessEmpty the Grasshopper (level 2, 0/23 HPs)
             Began as a Formicid Warper on Dec 11, 2019.
             Slain by a jackal (1 damage)
             ... on level 1 of the Dungeon on Dec 13, 2019.
             The game lasted 00:00:50 (211 turns).

FessEmpty the Grasshopper (Formicid Warper)          Turns: 211, Time: 00:00:51

Health: 0/23       AC:  3    Str: 15    XL:     2   Next: 20%
Magic:  5/5        EV: 12    Int: 12    God:
Gold:   10         SH:  0    Dex: 10    Spells: 5/5 levels left

rFire    . . .     SeeInvis +   a - +0 mace
rCold    . . .     Gourm    .   (no shield)
rNeg     . . .     Faith    .   b - +0 leather armour
rPois    .         Spirit   .   (helmet unavailable)
rElec    .         Reflect  .   (no cloak)
rCorr    .         Harm     .   (no gloves)
MR       .....                  (no boots)
Stlth    +.........             (no amulet)
HPRegen  0.07/turn              (no ring)
MPRegen  0.09/turn              (no ring)

@: no status effects
A: permanent stasis, dig shafts and tunnels, four strong arms, antennae 3
a: Dig, Shaft Self


You were on level 1 of the Dungeon.
You were not hungry.

You visited 1 branch of the dungeon, and saw 1 of its levels.

You collected 10 gold pieces.

Inventory:

Hand Weapons
 a - a +0 mace (weapon)
Missiles
 e - 5 boomerangs of dispersal (quivered)
Armour
 b - a +0 leather armour (worn)
Scrolls
 c - a scroll of teleportation {unknown}
 d - a scroll of blinking
 g - a scroll of amnesia {unknown}
 h - a scroll of enchant armour {unknown}
Comestibles
 f - a ration


   Skills:
 + Level 2.3 Fighting
 + Level 2.1 Maces & Flails
 + Level 1.1 Throwing
 + Level 1.3 Armour
 + Level 1.9 Dodging
 + Level 2.3 Spellcasting
   Level 2.6 Translocations


You had 5 spell levels left.
You didn't know any spells.
Your spell library contained the following spells:

 Spells                   Type           Power        Failure   Level  Hunger
 Shroud of Golubria       Chrm/Tloc      #.....       28%         2    ###....
 Gell's Gravitas          Tloc           #.........   32%         3    ####...
 Lesser Beckoning         Tloc           #.........   32%         3    ####...
 Teleport Other           Tloc           #.......     32%         3    ####...
 Passage of Golubria      Tloc           N/A          71%         4    #####..
 Blink                    Tloc           Unusable     N/A         2    N/A

Dungeon Overview and Level Annotations

Branches:
Dungeon (1/15)

Altars:


Innate Abilities, Weirdness & Mutations

You cannot be hasted, slowed, berserked, paralysed or teleported.
You can dig through walls and to a lower floor.
Your four strong arms can wield two-handed weapons with a shield.
You have a pair of large antennae on your head. (SInv)


Message History

Welcome, FessEmpty the Formicid Warper.
Will you prevail where others failed? Will you find the Orb of Zot?
Press ? for a list of commands and other information.
Found a staircase leading out of the dungeon.
You sense a monster nearby.
Found a robe.
You see here a robe.
A giant cockroach comes into view.
A giant cockroach is nearby!
The giant cockroach bites you.
You closely miss the giant cockroach. The giant cockroach barely misses you.
You closely miss the giant cockroach. The giant cockroach misses you.
The giant cockroach bites you but does no damage.
You closely miss the giant cockroach.
The giant cockroach bites you but does no damage.
You barely miss the giant cockroach. The giant cockroach barely misses you.
The giant cockroach bites you but does no damage.
You hit the giant cockroach but do no damage.
The giant cockroach closely misses you.
You hit the giant cockroach.
The giant cockroach is heavily wounded.
The giant cockroach barely misses you. The giant cockroach misses you.
You closely miss the giant cockroach.
The giant cockroach is heavily wounded.
The giant cockroach closely misses you. The giant cockroach bites you.
You barely miss the giant cockroach.
The giant cockroach is heavily wounded.
The giant cockroach bites you but does no damage.
You hit the giant cockroach.
The giant cockroach is severely wounded.
The giant cockroach barely misses you.
The giant cockroach bites you but does no damage.
You hit the giant cockroach.
You kill the giant cockroach!
Found a spear.
A hobgoblin comes into view. It is wielding a -3 club.
The hobgoblin shouts!
A hobgoblin comes into view. It is wielding a +0 club.
The hobgoblin shouts!
The hobgoblin moves out of view.
Welcome back, FessEmpty the Formicid Warper.
Press ? for a list of commands and other information.
There are monsters nearby!
You barely miss the hobgoblin. The hobgoblin closely misses you.
You hit the hobgoblin.
The hobgoblin is almost dead.
The hobgoblin closely misses you.
The hobgoblin hits you but does no damage.
You hit the hobgoblin.
You kill the hobgoblin!
The hobgoblin hits you but does no damage.
The hobgoblin closely misses you.
You hit the hobgoblin.
The hobgoblin is almost dead.
The hobgoblin hits you with a +0 club.
You hit the hobgoblin but do no damage.
The hobgoblin is almost dead.
The hobgoblin misses you.
You hit the hobgoblin.
You kill the hobgoblin!
You sense a monster nearby.
Saving game... please wait.
Welcome back, FessEmpty the Formicid Warper.
Press ? for a list of commands and other information.
A giant cockroach comes into view.
The giant cockroach closely misses you.
You closely miss the giant cockroach. The giant cockroach bites you.
The giant cockroach barely misses you.
You hit the giant cockroach.
The giant cockroach is severely wounded.
The giant cockroach bites you but does no damage.
You barely miss the giant cockroach.
The giant cockroach is severely wounded.
The giant cockroach bites you but does no damage. x2
You hit the giant cockroach but do no damage.
The giant cockroach is severely wounded.
The giant cockroach bites you but does no damage.
The giant cockroach closely misses you.
You barely miss the giant cockroach.
The giant cockroach is severely wounded.
The giant cockroach barely misses you.
You hit the giant cockroach but do no damage.
The giant cockroach is severely wounded.
The giant cockroach bites you but does no damage.
The giant cockroach closely misses you.
You hit the giant cockroach.
You kill the giant cockroach!
No target in view!
You start resting.
HP restored.
A kobold comes into view. It is wielding a +0 club.
The kobold shouts!
Found a scroll labeled OSHUIFAUWK.
The kobold hits you with a +0 club.
You see here a scroll labeled QUC OROUHEGIA.
You sock the kobold!
You kill the kobold!
You have reached level 2!
c - a scroll labeled QUC OROUHEGIA You see here a +0 club.
Found a spear.
g - a scroll labeled OSHUIFAUWK You now have 10 gold pieces.
h - a scroll labeled OSAOGH NEBUYJA A jackal and a kobold come into view.
The jackal barks!
The kobold shouts!
You hear a bark!
A jackal comes into view.
The kobold throws a stone.
The stone closely misses you.
The jackal barks!
A jackal comes into view.
A rat comes into view.
You closely miss the jackal. The jackal closely misses you.
The jackal bites you.
A goblin comes into view.
The goblin shouts!
You hit the jackal.
The jackal is severely wounded.
The jackal bites you.
The kobold throws a stone.
The stone closely misses you. The jackal completely misses you.
You closely miss the jackal.
The jackal is severely wounded.
The kobold throws a stone.
The stone hits you but does no damage. The jackal misses you.
You hit the jackal.
You kill the jackal!
The kobold throws a stone.
The stone closely misses you.
The jackal bites you but does no damage.
You closely miss the jackal. The jackal bites you. x2
The jackal bites you but does no damage.
Your leather armour prevents you from hitting the jackal.
The jackal closely misses you. The jackal completely misses you.
The jackal bites you but does no damage.
The jackal bites you. The kobold hits you.
You closely miss the jackal.
The jackal bites you but does no damage.
The jackal closely misses you. The kobold misses you.
The jackal bites you but does no damage. x2
You barely miss the jackal. The jackal closely misses you.
The jackal bites you. The kobold closely misses you.
The jackal barely misses you. x2
You are too injured to fight recklessly!
You are too injured to fight recklessly!
You are too injured to fight recklessly!
You are too injured to fight recklessly!
You are too injured to fight recklessly!
You are too injured to fight recklessly!
You are too injured to fight recklessly!
You are too injured to fight recklessly!
You are too injured to fight recklessly!
You are too injured to fight recklessly!
You are too injured to fight recklessly!
You are too injured to fight recklessly!
You are too injured to fight recklessly!
You are too injured to fight recklessly!
You are too injured to fight recklessly!
You are too injured to fight recklessly!
You are too injured to fight recklessly!
You hit the jackal.
You kill the jackal!
The kobold hits you but does no damage.
The jackal bites you but does no damage.
The kobold closely misses you. The jackal closely misses you.
The kobold misses you. The jackal misses you. The jackal barely misses you.
The kobold hits you but does no damage. The jackal closely misses you.
The kobold hits you but does no damage.
The jackal bites you but does no damage.
The jackal closely misses you. The kobold barely misses you.
The jackal barely misses you. The kobold misses you. The jackal bites you.
The kobold hits you. The jackal closely misses you.
The jackal barely misses you. The kobold hits you.
* * * LOW HITPOINT WARNING * * *
The jackal misses you. The kobold hits you but does no damage.
The jackal closely misses you.
The jackal bites you but does no damage.
The kobold hits you but does no damage. The jackal barely misses you.
The kobold misses you.
The jackal bites you but does no damage.
The kobold misses you.
The jackal bites you but does no damage.
The jackal bites you but does no damage.
The kobold hits you.
* * * LOW HITPOINT WARNING * * *
The jackal misses you. The kobold barely misses you.
The jackal bites you but does no damage.
The jackal closely misses you. The kobold hits you but does no damage.
The jackal bites you.
* * * LOW HITPOINT WARNING * * *
The kobold closely misses you. The jackal closely misses you.
The kobold barely misses you. The jackal closely misses you.
The jackal completely misses you. The kobold misses you.
The jackal barely misses you. The kobold hits you.
* * * LOW HITPOINT WARNING * * *
The jackal bites you but does no damage.
The jackal closely misses you. The kobold misses you. The jackal bites you.
You die...

###...).. {
.##..##.###### ..
.....##.#....# .#
###..##.#.##.# .#
.....##.#..#.# ..
####.##.#.<#[# g#
#.##.####.#. r#
##.........#(##h#
###....#######..@.#
.......)......##.K###...
.....)..................
........................
........................
......#.......#######...
.............## ...
########.....# ..
#.....#


You could see a jackal, a goblin, a kobold and a rat.

Vanquished Creatures
  2 giant cockroaches (D:1)
  2 hobgoblins (D:1)
  2 jackals (D:1)
  A kobold (D:1)
7 creatures vanquished.

Notes
Turn   | Place    | Note
-------+----------+-------------------------------------------
     0 | D:1      | FessEmpty the Formicid Warper began the quest for the Orb.
     0 | D:1      | Reached XP level 1. HP: 16/16 MP: 3/3
   128 | D:1      | Reached XP level 2. HP: 21/22 MP: 5/5
   209 | D:1      | HP: 1/23 [kobold (2)]
   211 | D:1      | Slain by a jackal

Levels and vault maps discovered:
D:1:      zelgadis_glass_arrival_small, layout_loops_cross, minmay_misc_feat_chi

Action                   || total
-------------------------++-------
Melee: Mace              ||    33
Armor: Leather armour    ||    32
Dodge: Dodged            ||    60

Table legend:
 A = Non-vault XP
 B = Vault XP
 C = Vault XP percentage of total XP
 D = Non-vault monster count
 E = Vault monster count
 F = Vault count percentage of total count
                 A         B        C        D         E       F
            +---------+---------+-------+---------+---------+-------
      Total |      13 |       0 |   0.0 |       7 |       0 |   0.0
            +---------+---------+-------+---------+---------+-------
        D:1 |      13 |       0 |   0.0 |       7 |       0 |   0.0
            +---------+---------+-------+---------+---------+-------
